 Dungeon Crawl Stone Soup version 0.31-a0-851-g7ff8af7976 (webtiles) character file.

Game seed: 1549885477499837666

35618 runemasterragnar the Grappler (level 13, 0/104 HPs)
             Began as a Demonspawn Shapeshifter on Oct 5, 2023.
             Was an Initiate of Gozag.
             Slain by Sonja
             ... wielding a +1 dagger of distortion
              (6 damage)
             ... on level 12 of the Dungeon on Oct 6, 2023.
             The game lasted 00:30:23 (21368 turns).

runemasterragnar the Grappler (DsSh)               Turns: 21368, Time: 00:30:24

Health: 0/104      AC: 11    Str: 20    XL:     13   Next: 48%
Magic:  13/13      EV: 16    Int: 12    God:    Gozag
Gold:   1120       SH:  9    Dex: 12    Spells: 12/12 levels left

rFire   . .          .
                       - Unarmed
rCold   + + .        (no shield)
rNeg    . . .        u - +0 leather armour of Ashenzari's Anger {rCorr}
rPois   .            q - melded +0 helmet
rElec   .            (cloak currently unavailable)
rCorr   +            (gloves unavailable)
SInv    .            (boots currently unavailable)
Will    .....        r - amulet of reflection
Stlth   +            n - +5 ring of evasion
HPRegen 0.37/turn    B - ring of protection from cold
MPRegen 0.13/turn

%: reflection
@: beast-form, studying Necromancy
A: beast (slay +4), claws 3, icy blue scales 3, icemail 1, powered by pain 1,
condensation shield
a: Begin Untransformation, Renounce Religion, Potion Petition, Call Merchant,
Bribe Branch


You were on level 12 of the Dungeon.
You worshipped Gozag.
Gozag was most pleased with you.
You were a hulking beast.
You visited 2 branches of the dungeon, and saw 16 of its levels.
You also visited: Ice Cave.

You collected 3799 gold pieces.
You paid 2679 gold pieces to Gozag.

Inventory:

Hand Weapons
 o - a +0 long sword
Missiles
 s - 4 javelins
 t - a throwing net
Armour
 a - a +0 animal skin
 j - a +4 plate armour
 q - a +0 helmet (melded)
 u - the +0 leather armour of Ashenzari's Anger (worn) {rCorr}
   (You found it on level 2 of the Dungeon)

   rCorr:     It protects you from acid and corrosion.
 D - a +1 pair of gloves
 H - a scarf of harm
 P - a +1 kite shield of cold resistance
 Q - a +2 helmet
Magical Staves
 i - a staff of conjuration
 K - a staff of fire
Jewellery
 n - a +5 ring of evasion (left claw)
 p - a ring of willpower
 r - an amulet of reflection (around neck)
 B - a ring of protection from cold (right claw)
 S - an amulet of regeneration
Talismans
 c - a beast talisman (active)
 d - a flux talisman
 g - a blade talisman
 h - a flux talisman
Wands
 y - a wand of roots (4)
 E - a wand of paralysis (7)
Scrolls
 b - 2 scrolls of fog
 e - 6 scrolls of teleportation
 f - 4 scrolls of amnesia
 k - 4 scrolls of poison
 l - 2 scrolls of silence
 w - 4 scrolls of enchant weapon
 x - 2 scrolls of revelation
 A - 3 scrolls of vulnerability
 G - 10 scrolls of identify
 I - a scroll of brand weapon
 J - a scroll of torment
 L - 2 scrolls of blinking
 T - a scroll of immolation {unknown}
Potions
 m - 2 potions of curing
 v - 2 potions of might
 z - 2 potions of attraction
 C - 3 potions of ambrosia
 F - a potion of lignification
 M - a potion of magic
 N - a potion of berserk rage
 O - a potion of haste


   Skills:
 + Level 10.7 Fighting
 - Level 1.7 Dodging
 * Level 13.9 Unarmed Combat
 * Level 12.9 Shapeshifting


You had 12 spell levels left.
You didn't know any spells.
Your spell library contained the following spells:

 Spells                   Type           Power      Damage    Failure   Level
 Sting                    Tmut/Pois      0%         1d3       36%         1
 Summon Small Mammal      Summ           0%         N/A       36%         1
 Poisonous Vapours        Pois/Air       0%         N/A       52%         2
 Call Canine Familiar     Summ           0%         N/A       75%         3
 Hailstorm                Conj/Ice       0%         3d3       75%         3
 Mephitic Cloud           Conj/Pois/Air  0%         N/A       75%         3
 Summon Guardian Golem    Hex/Summ       0%         N/A       75%         3
 Tukima's Dance           Hex            0%         N/A       75%         3
 Anguish                  Hex/Necr       0%         N/A       98%         4
 Cause Fear               Hex            0%         N/A       98%         4
 Dimensional Bullseye     Hex/Tloc       0%         N/A       98%         4
 Iskenderun's Mystic Bla  Conj/Tloc      0%         2d3       98%         4
 Olgreb's Toxic Radiance  Pois           0%         N/A       98%         4
 Summon Ice Beast         Ice/Summ       0%         N/A       98%         4
 Alistair's Intoxication  Tmut/Pois      0%         N/A       100%        5
 Borgnjor's Vile Clutch   Necr/Erth      0%         N/A       100%        5
 Freezing Cloud           Conj/Ice/Air   0%         6-21      100%        5
 Conjure Ball Lightning   Conj/Air       0%         3x3d6     100%        6
 Eringya's Noxious Bog    Tmut/Pois      0%         4d6       100%        6
 Enfeeble                 Hex            0%         N/A       100%        7
 Malign Gateway           Summ/Tloc      0%         N/A       100%        7
 Discord                  Hex            0%         N/A       100%        8
 Disjunction              Tloc           0%         N/A       100%        8
 Summon Horrible Things   Summ           0%         N/A       100%        8
 Simulacrum               Ice/Necr       Unusable   N/A       N/A         6

Dungeon Overview and Level Annotations

Branches:
Dungeon (12/15)            Temple (0/1) D:4            Lair (4/5) D:11
  Swamp (0/4) Lair:3        Snake (0/4) Lair:2          Orc (0/2) D:10
  IceCv (visited)
  Slime: Lair:4-5

Altars:
Cheibriados
Gozag
Makhleb
Nemelex Xobeh
Qazlal
Uskayaw
Xom
Yredelemnul

Annotations:
D:5 2 transporters, promet's ghost, novice VSFi
D:8 4 transporters, 3 runed translucent doors, pokeman's ghost, novice DEHW
D:10 Snorg
D:12 2 transporters, Qigaf's ghost, journeyman DsVM; Sonja
Lair:1 1 runed translucent door, Dicwisan's ghost, journeyman GrEE


Innate Abilities, Weirdness & Mutations

You are a hulking beast.
Your limbs bulge with bestial killing power. (Slay +4)
You have claws for hands.
You are completely covered in icy blue scales. (AC +4, rC+)
A meltable icy envelope protects you from harm. (AC +4)
You sometimes gain a little power by taking damage.
A meltable shield of frost defends you. (SH +4)


Message History

Sonja hits you but does no damage.
You blink.
Sonja closely misses you. Sonja hits you but does no damage.
Space warps around you.
Sonja hits you with a +1 dagger of distortion.
Space warps horribly around you!
Sonja hits you with a +1 dagger of distortion.
Space warps horribly around you!!
* * * LOW HITPOINT WARNING * * *
Sonja misses you. Sonja completely misses you.
You completely miss Sonja.
Sonja is moderately wounded.
Sonja mumbles some strange words.
Sonja blinks!
Unknown command.
Aiming: Fastroot
Press: ? - help, Shift-Dir - straight line, f - Sonja
Aim: Sonja, wielding a +1 dagger of distortion and quivering curare-tipped darts (moderately wounded)
The roots erupt in riotous growth!
Roots grab Sonja.
The grasping roots constrict Sonja.
Sonja struggles to escape constriction.
Okay, then.
Aiming: Fastroot
Press: ? - help, Shift-Dir - straight line, f - you, p - Sonja The roots erupt in riotous growth!
The grasping roots constrict Sonja.
The roots release their grip on Sonja.
Unknown command.
Aiming: Fastroot
Press: ? - help, Shift-Dir - straight line The roots erupt in riotous growth!
Roots grab Sonja.
The grasping roots constrict Sonja.
Sonja hits you with a +1 dagger of distortion.
* * * LOW HITPOINT WARNING * * *
Space warps around you.
* * * LOW HITPOINT WARNING * * *
Sonja hits you with a +1 dagger of distortion.
* * * LOW HITPOINT WARNING * * *
Space warps around you.
You die...
Your body crumbles into a pile of gold.

#..# .. ......# ###'###
######..##8 [!:$8##
#.....# #........##
#####. #.#####
#.......... #.....#
#..........
#######.#######........#
.<'.....'.....#........+
###.#########.'ยง.....>.#
#.....# ###.hK.....#
####### #........#
##########


You could see Sonja (rooted).

Vanquished Creatures
  A catoblepas (Lair:2)
  A boulder beetle (D:11)
  3 two-headed ogres
  Nergalle (Lair:1)
  Lodul (D:12)
  A necromancer (IceCv)
  An ugly thing (D:12)
  An ice statue (IceCv)
  5 black mambas
  8 cane toads
  A torpor snail (Lair:1)
  2 gargoyles (D:11)
  An unseen horror (D:11)
  5 freezing wraiths (IceCv)
  2 rime drakes
  12 ice devils (IceCv)
  5 komodo dragons
  An anaconda simulacrum (IceCv)
  4 polar bears
  4 trolls
  12 blink frogs
  A slime creature (D:12)
  3 shadows
  2 vampires (D:11)
  A wraith (D:9)
  2 basilisks
  21 yaks
  2 dire elephant simulacra (IceCv)
  2 wyverns
  6 vampire mosquitoes
  5 death yak simulacra (IceCv)
  3 harpy simulacra (IceCv)
  3 nagas (Lair:2)
  7 water moccasins
  Duvessa (D:4)
  6 orc warriors
  2 acid dragons
  An ice beast (D:5)
  2 sky beasts (D:7)
  12 ogres
  A black bear (D:5)
  5 wolves (Lair:2)
  5 centaurs
  A phantom (D:6)
  A kobold brigand (D:8)
  18 bullfrogs
  3 cane toad simulacra (IceCv)
  4 scorpions
  6 wights (D:6)
  Dowan (D:4)
  4 elephant simulacra (IceCv)
  12 killer bees
  2 electric eels (D:6)
  12 howler monkeys
  A jelly (D:6)
  3 hounds
  8 orc priests
  3 sleepcaps (D:6)
  7 iguanas
  11 orc wizards
  6 hell rats (Lair:1)
  A troll simulacrum (IceCv)
  7 polar bear simulacra (IceCv)
  A spriggan simulacrum (IceCv)
  A wolf simulacrum (IceCv)
  3 gnolls (D:6)
  10 adders
  A naga simulacrum (IceCv)
  A white imp (IceCv)
  2 ufetubi (IceCv)
  A worm (D:2)
  2 dart slugs
  66 orcs
  5 endoplasms
  A giant cockroach (D:3)
  7 hobgoblins
  8 jackals
  7 kobolds
  5 ball pythons
  2 bats
  6 frilled lizards
  5 goblins
  7 rats
417 creatures vanquished.

Notes
Turn   | Place    | Note
-------+----------+-------------------------------------------
     0 | D:1      | runemasterragnar the Demonspawn Shapeshifter began the
                  | quest for the Orb.
     0 | D:1      | Reached XP level 1. HP: 15/15 MP: 1/1
   599 | D:1      | Gained mutation: You sometimes gain a little power by
                  | taking damage. [demonic ancestry]
   599 | D:1      | Reached XP level 2. HP: 20/21 MP: 2/2
   710 | D:1      | Reached skill level 3 in Unarmed Combat
  1121 | D:2      | Gained mutation: You are partially covered in icy blue
                  | scales. (AC +2) [demonic ancestry]
  1121 | D:2      | Reached XP level 3. HP: 13/26 MP: 3/3
  1482 | D:2      | Gained mutation: You are mostly covered in icy blue scales.
                  | (AC +3) [demonic ancestry]
  1482 | D:2      | Reached XP level 4. HP: 29/33 MP: 4/4
  1498 | D:2      | Found a sparkling altar of Nemelex Xobeh.
  1582 | D:2      | Identified the +0 leather armour of Ashenzari's Anger
                  | {rCorr}
  1998 | D:3      | Found a snail-covered altar of Cheibriados.
  2771 | D:4      | Noticed Duvessa
  2772 | D:4      | Noticed Dowan
  2779 | D:4      | Killed Duvessa
  2780 | D:4      | Reached skill level 4 in Unarmed Combat
  2780 | D:4      | Gained mutation: You have sharp fingernails. [demonic
                  | ancestry]
  2780 | D:4      | Reached XP level 5. HP: 36/39 MP: 5/5
  2782 | D:4      | Killed Dowan
  2918 | D:4      | Gained mutation: A meltable shield of frost defends you.
                  | (SH +4) [demonic ancestry]
  2918 | D:4      | Reached XP level 6. HP: 33/46 MP: 6/6
  3228 | D:4      | Found an opulent altar of Gozag.
  3363 | D:4      | Found a staircase to the Ecumenical Temple.
  3482 | D:4      | Became a worshipper of Gozag Ym Sagoz the Greedy
  3503 | D:5      | Entered Level 5 of the Dungeon
  3691 | D:5      | Reached skill level 5 in Unarmed Combat
  3859 | D:5      | Gained mutation: You have very sharp fingernails. [demonic
                  | ancestry]
  3859 | D:5      | Reached XP level 7. HP: 52/52 MP: 7/7
  4034 | D:5      | Reached skill level 5 in Shapeshifting
  4069 | D:5      | Found a burning altar of Makhleb.
  4298 | D:5      | Found a transporter.
  4302 | D:5      | Noticed promet's ghost (novice VSFi)
  4303 | D:5      | Found a transporter.
  4872 | D:6      | Reached skill level 6 in Unarmed Combat
  4872 | D:6      | Reached XP level 8. HP: 54/60 MP: 8/8
  5141 | D:6      | You fall into a shaft and drop 3 floors!
  5279 | D:8      | Found a transporter.
  5285 | D:8      | Found a transporter.
  5286 | D:8      | Found a transporter.
  5315 | D:8      | Reached skill level 7 in Unarmed Combat
  5447 | D:8      | Reached skill level 5 in Fighting
  5812 | D:8      | Found a hide-covered altar of Uskayaw.
  5813 | D:8      | Identified the +0 robe of Diep {Regen+ rCorr Int-3}
  5997 | D:8      | Found a runed translucent gate.
  5997 | D:8      | Found a runed translucent gate.
  5997 | D:8      | Found a runed translucent gate.
  5998 | D:8      | Noticed pokeman's ghost (novice DEHW)
  6024 | D:8      | Reached XP level 9. HP: 58/68 MP: 9/9
  6099 | D:8      | Noticed a two-headed ogre
  6104 | D:8      | Killed a two-headed ogre
  6105 | D:8      | Reached skill level 8 in Unarmed Combat
  6383 | D:8      | Found a transporter.
  8714 | D:7      | Reached XP level 10. HP: 66/77 MP: 10/10
  9225 | D:9      | Reached skill level 9 in Unarmed Combat
  9562 | D:9      | Found a stormy altar of Qazlal.
 10245 | D:10     | Entered Level 10 of the Dungeon
 10262 | D:10     | Reached skill level 10 in Unarmed Combat
 10443 | D:10     | Found a basalt altar of Yredelemnul.
 10479 | D:10     | Found a shimmering altar of Xom.
 10583 | D:10     | Found a staircase to the Orcish Mines.
 10745 | D:10     | Noticed Snorg
 10949 | D:11     | Noticed a gargoyle
 10952 | D:11     | Killed a gargoyle
 11033 | D:11     | Gained mutation: You have claws for hands. [demonic
                  | ancestry]
 11033 | D:11     | Reached XP level 11. HP: 83/85 MP: 11/11
 11452 | D:11     | Noticed a boulder beetle
 11484 | D:11     | Killed a boulder beetle
 12117 | D:11     | Reached skill level 10 in Shapeshifting
 12494 | D:11     | Noticed a two-headed ogre
 12501 | D:11     | Killed a two-headed ogre
 12637 | D:11     | Found a staircase to the Lair.
 12664 | Lair:1   | Entered Level 1 of the Lair of Beasts
 12688 | Lair:1   | Reached skill level 11 in Unarmed Combat
 13973 | Lair:1   | Noticed Nergalle
 13988 | Lair:1   | Killed Nergalle
 14412 | Lair:1   | Gained mutation: A meltable icy envelope protects you from
                  | harm. (AC +4) [demonic ancestry]
 14412 | Lair:1   | Reached XP level 12. HP: 95/95 MP: 12/12
 14507 | Lair:1   | Found a runed translucent door.
 14508 | Lair:1   | Noticed Dicwisan's ghost (journeyman GrEE)
 14560 | Lair:1   | Noticed a seven-headed hydra
 14744 | Lair:2   | Noticed a catoblepas
 14775 | Lair:2   | Killed a catoblepas
 15280 | Lair:2   | Reached skill level 12 in Unarmed Combat
 15798 | Lair:2   | Found a staircase to the Snake Pit.
 16226 | Lair:3   | Found a frozen archway.
 16247 | IceCv    | Entered an ice cave
 17218 | IceCv    | Found an ancient bone altar of Kikubaaqudgha.
 17513 | IceCv    | Reached skill level 13 in Unarmed Combat
 17516 | IceCv    | Reached skill level 10 in Fighting
 18091 | Lair:3   | Gained mutation: You are completely covered in icy blue
                  | scales. (AC +4, rC+) [demonic ancestry]
 18091 | Lair:3   | Reached XP level 13. HP: 61/103 MP: 13/13
 18530 | Lair:3   | Found a staircase to the Swamp.
 20603 | D:12     | Noticed an ettin
 20605 | D:12     | Found a transporter.
 20606 | D:12     | Noticed Qigaf's ghost (journeyman DsVM)
 20611 | D:12     | Found a transporter.
 20623 | D:12     | Noticed Lodul
 20648 | D:12     | Killed Lodul
 20869 | D:12     | a boulder beetle changed into a spark wasp
 20869 | D:12     | Noticed a spark wasp (glowing shapeshifter)
 21354 | D:12     | Noticed Sonja
 21368 | D:12     | Slain by Sonja

Illustrated notes

Levels and vault maps discovered:
D:1:      minmay_arrival_semitransparent, layout_basic
D:2:      layout_loops_ring, basic_altar
D:3:      layout_basic, lemuel_round_altar
D:4:      layout_gridville, marbit_many_paths,
          minmay_temple_entry_statues_fountains, uniq_duvessa
D:5:      layout_loops_ring, lightli_temple_of_fire, gammafunk_ghost_mausoleum
D:6:      layout_layer_cave, serial_bayou, serial_bayou_shore_a,
          serial_bayou_ford_a, serial_bayou_pond_c, serial_bayou_pond_d
D:7:      layout_cave_pods, serial_bayou_crossing
D:8:      layout_loops_corners, nicolae_uskayaw_dance_hall,
          gammafunk_ghost_necromancy, nicolae_transporter_circle
D:9:      layout_loops_ring, nicolae_qazlal_scattered_showers
D:10:     layout_loops_ring, nicolae_hepliaklqana_hazy_memory,
          mainiacjoe_overflow_chevrons,
          chequers_temple_overflow_statue_of_worship, lemuel_doored_altar,
          hiddenorc2_lemuel, roderic_batcave, abandoned_shop, uniq_snorg
D:11:     layout_basic, grunt_lair_entry_orc_guard_hut, minmay_lizard_king
D:12:     layout_roguey, gammafunk_ghost_arena, uniq_lodul, uniq_rupert,
          uniq_sonja
Lair:1:   layout_gridlike, ebering_ghost_reflecting_pool, serial_bayou_pond_a,
          minivault_23, grunt_forest_large_clearing_hut, lemuel_fruit_tree,
          uniq_nergalle
Lair:2:   layout_gridlike, guppyfry_snake_entry_garden
Lair:3:   layout_regular_city, swamp_mist, portal_ice_cave_entry_pillars_1,
          minmay_hedge_maze, infiniplex_staircase_pool_2, serial_bayou_shore_b
Lair:4:   layout_roguey, serial_bayou_pond_d

Skill      XL: |  1  2  3  4  5  6  7  8  9 10 11 12 |
---------------+-------------------------------------+-----
Unarmed Combat | 3 4 5 6 7 8 10 11 13 | 13.9
Shapeshifting  | 3 4 5 6 8 9 10 12 | 12.9
Fighting       | 2 3 4 5 6 7 9 10 | 10.7
Dodging        | |  1.7

Action                     |  1- 3 |  4- 6 |  7- 9 | 10-12 | 13-15 || total
---------------------------+-------+-------+-------+-------+-------++-------
  Melee: Unarmed           |    81 |   142 |   220 |   744 |   185 ||  1372
         Punch             |     3 |     1 |    16 |    41 |    12 ||    73
         Long sword        |    28 |       |       |       |       ||    28
 Invoke: Potion Petition   |       |       |       |     3 |     1 ||     4
  Evoke: Wand              |       |       |     5 |    10 |     3 ||    18
    Use: Potion            |     4 |     6 |     1 |     3 |     2 ||    16
         Scroll            |       |     1 |     7 |    10 |     3 ||    21
   Stab: Sleeping          |     2 |     1 |       |     1 |       ||     4
         Invisible         |       |     1 |       |     4 |       ||     5
         Distracted        |       |       |     3 |     3 |     2 ||     8
         Paralysed         |       |       |       |     3 |       ||     3
 Armour: Animal skin       |    58 |     1 |       |       |       ||    59
         Skin              |     4 |     9 |       |       |     7 ||    20
         Leather armour    |       |    36 |    91 |   348 |    83 ||   558
  Dodge: Dodged            |    74 |    96 |    96 |   396 |   106 ||   768
  Block: Other             |       |    13 |    78 |   254 |    83 ||   428
         Reflection        |       |       |     8 |     4 |     1 ||    13
   Form: Beast             |       |       |       |     2 |       ||     2
         Blade             |       |       |       |     1 |       ||     1
         Flux              |       |       |       |     1 |       ||     1

Table legend: (Time is in decaauts)
 A = Elapsed time spent in this place.
 B = Non-inter-level travel time spent in this place.
 C = Inter-level travel time spent in this place.
 D = Time resting spent in this place.
 E = Time spent auto-exploring this place.
 F = Levels seen in this place.
 G = Mean time per level.
                   A        B        C        D        E       F      G
               +--------+--------+--------+--------+--------+-----+--------+
         Total |  21137 |  20528 |    609 |   4202 |  12991 |  17 | 1243.4 |
       Dungeon |  14201 |  13687 |    514 |   1767 |   9685 |  12 | 1183.4 |
          Lair |   5151 |   5057 |     94 |   1718 |   2587 |   4 | 1287.8 |
      Ice Cave |   1784 |   1784 |      0 |    716 |    718 |   1 | 1784.0 |
               +--------+--------+--------+--------+--------+-----+--------+

Top non-repeatable levels by time:
    D:11: 2208 daAuts
   IceCv: 1784 daAuts
     D:8: 1746 daAuts
     D:6: 1656 daAuts
  Lair:2: 1599 daAuts
  Lair:1: 1467 daAuts
  Lair:3: 1439 daAuts
     D:7: 1342 daAuts
     D:9: 1113 daAuts
    D:12: 1095 daAuts
     D:2: 1029 daAuts
     D:1: 927 daAuts
     D:5: 914 daAuts
     D:4: 787 daAuts
     D:3: 754 daAuts
